 Dungeon Crawl Stone Soup version 0.18.1-48-g4cf74bf (webtiles) character file.

158 Melfield the Skirmisher (level 5, -19/48 HPs)
             Began as a Minotaur Berserker on Aug 11, 2016.
             Was a Believer of Trog (penitent).
             Demolished by an ogre
             ... wielding a +0 giant spiked club
              (23 damage)
             ... on level 3 of the Dungeon.
             The game lasted 00:09:41 (2660 turns).

Melfield the Skirmisher (Minotaur Berserker)        Turns: 2660, Time: 00:09:42

Health: -19/48     AC: 10    Str: 23    XL:     5   Next: 16%
Magic:  4/4        EV:  6    Int:  4    God:    Trog [*]
Gold:   75         SH:  7    Dex:  9    Spells: 0 memorised, 4 levels left

rFire  . . .     SeeInvis .     a - +0 hand axe
rCold  . . .     Gourm    .     i - +0 chain mail
rNeg   . . .     Faith    .     q - +0 shield
rPois  .         Spirit   .     (helmet restricted)
rElec  .         Dismiss  .     d - +0 cloak (curse)
rCorr  .         Reflect  .     (no gloves)
SustAt .         Harm     .     (no boots)
MR     .....                    (no amulet)
Stlth  ..........               (no ring)
                                (no ring)

@: not resistant to hostile enchantments, extremely unstealthy
A: retaliatory headbutt, horns 2
a: Burn Spellbooks, Renounce Religion


You were on level 3 of the Dungeon.
You worshipped Trog.
Trog was demanding penance.
You were not hungry.

You visited 1 branch of the dungeon, and saw 4 of its levels.

You collected 129 gold pieces.
You spent 54 gold pieces at shops.

Inventory:

Hand Weapons
 a - a +0 hand axe (weapon)
Armour
 b - a +0 animal skin
 d - a cursed +0 cloak (worn)
 h - a +0 ring mail
 i - a +0 chain mail (worn)
 q - a +0 shield (worn)
Wands
 o - a wand of confusion (34/48)
 p - a wand of slowing (11/48)
Scrolls
 g - 4 scrolls of identify {unknown}
 j - 4 scrolls of remove curse {unknown}
 l - a scroll of recharging
 m - a scroll of teleportation {unknown}
Potions
 e - 2 potions of heal wounds {unknown}
 f - a potion of haste {unknown}
 k - a potion of berserk rage {unknown}
 n - a potion of curing {unknown}
Comestibles
 c - 2 bread rations


   Skills:
 + Level 5.1 Fighting
 + Level 4.7 Axes
 + Level 3.2 Armour
 + Level 3.4 Dodging


You had 4 spell levels left.
You didn't know any spells.

Dungeon Overview and Level Annotations

Branches:
Dungeon (4/15)
 Temple: D:4-7

Altars:
Qazlal

Shops:
D:4 [


Innate Abilities, Weirdness & Mutations

You reflexively headbutt those who attack you in melee.
You have a pair of horns on your head.


Message History

The ogre is lightly wounded.
You hit the orc.
The orc is lightly wounded.
Your shield and chain mail prevent you from hitting the adder.
The adder bites you.
* * * LOW HITPOINT WARNING * * *
You block the ogre's attack. The orc hits you with a dagger.
* * * LOW HITPOINT WARNING * * *
The adder closely misses you. You furiously retaliate!
You headbutt the adder. You slash the ogre!
The ogre is moderately wounded.
You hit the orc.
The orc is severely wounded.
You closely miss the adder.
The adder is lightly wounded.
The orc wizard mumbles some strange words.
The orc wizard blinks!
The orc barely misses you. The adder bites you but does no damage.
The ogre hits you with a giant spiked club!!
You die...

##.#.#.#######......#
#.. #....#.# #......#
#.. #..###.# #......#
#.. #..[.#.# #[ยง....#
#.. #.##.#.# #......#
####### #.##.# #
#......# #......
#.##.#.# #......#
#......
##.##.#.########S#######
#......
##.##..........O@o......
#......
##.##.#...##############
.#...... ##.##.#...#
#........ ...##.# ..#
##....... #####.# ..#
#....... #.# .# #.......
#.# .# ##.##### #.#
############ ####.# #.#
#..........# #....##


You could see an ogre, an adder and an orc.

Vanquished Creatures
  A howler monkey zombie (D:3)
  7 adders
  An ooze (D:3)
  An adder skeleton (D:4)
  3 worms
  4 dart slugs
  3 giant geckos
  2 orcs
  A ball python (D:2)
  4 goblins
  9 hobgoblins
  2 jackals (D:1)
  8 bats
  A giant newt (D:1)
  A jackal skeleton (D:3)
  8 kobolds
  4 rats
60 creatures vanquished.

Notes
Turn   | Place    | Note
--------------------------------------------------------------
     0 | D:1      | Melfield the Minotaur Berserker began the quest for the Orb.
     0 | D:1      | Reached XP level 1. HP: 19/19 MP: 0/0
    53 | D:1      | Reached XP level 2. HP: 15/27 MP: 1/1
   584 | D:1      | Reached skill level 4 in Fighting
   784 | D:1      | Reached XP level 3. HP: 28/34 MP: 2/2
  1110 | D:2      | Found a stormy altar of Qazlal.
  1263 | D:2      | Reached ** piety under Trog
  1263 | D:2      | Reached XP level 4. HP: 27/41 MP: 3/3
  1946 | D:3      | Reached skill level 5 in Fighting
  2007 | D:3      | Was placed under penance by Trog
  2011 | D:3      | Learned a level 3 spell: Conjure Flame
  2039 | D:3      | Reached XP level 5. HP: 48/48 MP: 4/4
  2215 | D:4      | Found Fonaiwikk's Armour Shop.
  2221 | D:4      | Bought a +0 shield for 54 gold pieces
  2622 | D:4      | Noticed an ogre
  2660 | D:3      | Demolished by an ogre

Skill      XL: |  1  2  3  4 |
---------------+-------------+-----
Axes           | 4 |  4.7
Fighting       | 4 5 |  5.1
Armour         | 3 |  3.2
Dodging        | 3 |  3.4

Action                   |  1- 3 |  4- 6 || total
-------------------------+-------+-------++-------
Melee: Hand axe          |    56 |    73 ||   129
       Headbutt          |     7 |    12 ||    19
Invok: Berserk           |     1 |       ||     1
  Use: Scroll            |       |     1 ||     1
  Eat: Royal jelly       |     1 |       ||     1
       Bread ration      |       |     1 ||     1
Armor: Animal skin       |     3 |       ||     3
       Ring mail         |     3 |       ||     3
       Chain mail        |    14 |    46 ||    60
Dodge: Dodged            |    41 |    38 ||    79
Block: Shield            |       |    10 ||    10
